 Dungeon Crawl Stone Soup version 0.31-a0-845-g9abc20d24f (webtiles) character file.

Game seed: 10683834756784197694

1694 wvc the Destroyer (level 9, -9/45 HPs)
             Began as a Gargoyle Fire Elementalist on Oct 2, 2023.
             Killed by divine providence
             ... invoked by an orc priest
              (13 damage)
             ... on level 6 of the Dungeon.
             The game lasted 00:26:11 (7338 turns).

wvc the Destroyer (Gargoyle Fire Elementalist)      Turns: 7338, Time: 00:26:12

Health: -9/45      AC: 11    Str: 11    XL:     9   Next: 2%
Magic:  17/18      EV: 11    Int: 21    God:
Gold:   258        SH:  0    Dex: 10    Spells: 9/20 levels left

rFire   . . .        j - +2 rapier (chaos)
rCold   . . .        (no shield)
rNeg    + . .        a - +0 robe
rPois   ∞            (no helmet)
rElec   +            b - +2 cloak
rCorr   .            (no gloves)
SInv    .            (no boots)
Will    .....        (no amulet)
Stlth   ++           (no ring)
HPRegen 0.27/turn    (no ring)
MPRegen 0.16/turn

%: no passive effects
@: no status effects
A: sickness immunity, AC +6, negative energy resistance 1, electricity
resistance, torment resistance 1, petrification resistance
a: no special abilities


You were on level 6 of the Dungeon.
You visited 1 branch of the dungeon, and saw 6 of its levels.
You also visited: Sewer.

You collected 258 gold pieces.

Inventory:

Hand Weapons
 j - a +2 rapier of chaos (weapon)
 n - a +0 rapier of protection
Missiles
 f - 17 poisoned darts
Armour
 a - a +0 robe (worn)
 b - a +2 cloak (worn)
Magical Staves
 h - a staff of earth
 x - a staff of cold
Jewellery
 v - a ring of flight
Talismans
 i - a serpent talisman
 q - a beast talisman
Wands
 g - a wand of charming (8)
Scrolls
 c - 2 scrolls of fog
 e - a scroll of immolation
 w - 2 scrolls of identify
 y - 2 scrolls of silence {unknown}
 A - a scroll of poison {unknown}
Potions
 d - 5 potions of attraction
 k - a potion of berserk rage {unknown}
 l - 2 potions of mutation {unknown}
 m - a potion of heal wounds {unknown}
 o - 2 potions of invisibility
 r - a potion of degeneration {unknown}
 s - 4 potions of haste
 t - a potion of cancellation {unknown}
 u - a potion of brilliance {unknown}
 z - a potion of ambrosia {unknown}


   Skills:
 - Level 1.5 Dodging
 - Level 2.1 Stealth
 + Level 6.2 Spellcasting
 * Level 9.0 Conjurations
 - Level 5.0 Fire Magic


You had 9 spell levels left.
You knew the following spells:

 Your Spells              Type           Power      Damage    Failure   Level
a - Foxfire               Conj/Fire      100%       2x1d9     1%          1
b - Searing Ray           Conj           88%        2d7       1%          2
c - Magic Dart            Conj           100%       1d8       1%          1
d - Flame Wave            Conj/Fire      35%        2d10      5%          4
e - Mephitic Cloud        Conj/Pois/Air  19%        N/A       9%          3

Your spell library contained the following spells:

 Spells                   Type           Power      Damage    Failure   Level
 Scorch                   Fire           54%        2d7       1%          2
 Static Discharge         Conj/Air       50%        2-5/arc   2%          2
 Inner Flame              Hex/Fire       17%        N/A       11%         3
 Volatile Blastmotes      Fire/Tloc      34%        2d12      11%         3
 Call Imp                 Summ           12%        N/A       14%         2
 Ensorcelled Hibernation  Hex/Ice        12%        N/A       14%         2
 Passwall                 Tmut/Erth      5%         N/A       14%         2
 Fulminant Prism          Conj/Hex       12%        3d9       16%         4
 Swiftness                Air            6%         N/A       28%         3
 Tukima's Dance           Hex            6%         N/A       28%         3
 Airstrike                Air            3%         2d(1-17)  67%         4
 Passage of Golubria      Tloc           6%         N/A       67%         4
 Summon Lightning Spire   Summ/Air       6%         N/A       67%         4
 Yara's Violent Unravell  Hex/Tmut       3%         3d4       95%         5


Dungeon Overview and Level Annotations

Branches:
Dungeon (6/15)              Sewer (visited)
 Temple: D:4-7

Altars:
Fedhas
Kikubaaqudgha
Okawaru
Qazlal
Ru
Wu Jian
Xom
The Shining One

Shops:
D:1 *?(*(


Innate Abilities, Weirdness & Mutations

You are immune to sickness and miasma.
Your stone body is resilient. (AC +6)
You are immune to poison.
You resist negative energy. (rN+)
You are resistant to electric shocks. (rElec)
You are resistant to unholy torment.
You are immune to petrification.


Message History

The orc is almost dead.
The orc wizard casts a spell.
The orc wizard flickers and vanishes!
Deactivating autopickup; reactivate with Ctrl-A.
Casting: Magic Dart (safe; 1% risk of failure)
Confirm with . or Enter, or press ? or * to list all spells.
You conjure some foxfire!
An orc priest comes into view. It is wielding a +0 short sword.
The foxfire hits the orc.
The orc is lightly wounded.
The foxfire hits the orc but does no damage.
The orc is almost dead.
You hit the orc. You burn the orc.
You kill the orc!
You hit the orc.
You kill the orc!
You hear some strange, mumbled words.
A puff of flame appears from out of thin air!
The puff of flame hits you.
The orc priest invokes the aid of Beogh against you.
Beogh smites you!
Items here: )) [[ ††.
You hit something. Something hits you but does no damage.
The orc priest invokes the aid of Beogh against you.
Beogh smites you!
You hit something.
Nothing appears to happen.
Something hits you but does no damage. Something hits you.
You hit something but do no damage.
The orc priest calls down the wrath of Beogh upon you.
Beogh smites you!
* * * LOW HITPOINT WARNING * * *
Something hits you but does no damage.
Okay, then.
You feel better. Something hits you.
* * * LOW HITPOINT WARNING * * *
Char dumped successfully.
You hit something.
Nothing appears to happen.
The orc priest calls down the wrath of Beogh upon you.
Beogh smites you!
You die...

##.##..# ##.. #..##
#.. ##..## ##.
##..## #.. #...#
#... ##..## #....
### #...##.....
#.## ##..........
##@#####..........#
##{##.............
##o..............
#......[...........
##.................
#..............###
##.....).......#
#..............
##.........##.


You could see an orc priest.

Vanquished Creatures
  Menkaure (D:4)
  An ice beast (D:5)
  A kobold brigand (Sewer)
  5 scorpions
  3 howler monkeys (D:5)
  2 hounds (D:5)
  3 orc priests
  2 jellies
  A gnoll bouda (D:5)
  3 sleepcaps
  Natasha (thrice) (D:2)
  Terence (D:2)
  3 iguanas
  4 orc wizards
  9 gnolls
  14 adders
  4 river rats
  An ufetubus (D:4)
  4 worms
  A dart slug (D:2)
  17 orcs
  8 bats
  16 endoplasms
  A giant cockroach (D:3)
  8 goblins
  5 hobgoblins
  4 jackals
  12 kobolds
  7 quokkas
  12 ball pythons
  4 frilled lizards
  24 rats
184 creatures vanquished.

Vanquished Creatures (others)
  316 foxfires
316 creatures vanquished.

Grand Total: 500 creatures vanquished

Notes
Turn   | Place    | Note
-------+----------+-------------------------------------------
     0 | D:1      | wvc the Gargoyle Fire Elementalist began the quest for the
                  | Orb.
     0 | D:1      | Reached XP level 1. HP: 10/10 MP: 3/3
   153 | D:1      | Found Libriarch's General Store.
   191 | D:1      | Found Huat's Antique Weapon Boutique.
   205 | D:1      | Found Lysk's Assorted Antiques.
   227 | D:1      | Reached XP level 2. HP: 15/15 MP: 0/5
   441 | D:1      | Found Coeskez's Weapon Shoppe.
   518 | D:1      | Learned a level 2 spell: Searing Ray
   522 | D:1      | Found Leitarur's Magic Scroll Shop.
  1155 | D:2      | Noticed Natasha
  1164 | D:2      | Killed Natasha
  1165 | D:2      | Reached skill level 2 in Conjurations
  1165 | D:2      | Reached XP level 3. HP: 19/19 MP: 1/6
  1358 | D:2      | Reached XP level 4. HP: 19/24 MP: 4/7
  1524 | D:2      | Noticed Natasha
  1535 | D:2      | Killed Natasha
  1594 | D:2      | Found a faded altar of an unknown god.
  1604 | D:2      | Noticed Natasha
  1617 | D:2      | Killed Natasha
  1618 | D:2      | Reached skill level 3 in Conjurations
  1618 | D:2      | Reached XP level 5. HP: 10/28 MP: 3/9
  1830 | D:2      | Identified the +3 ring mail of Distant Worlds {Str+3}
  1835 | D:2      | Noticed Terence
  1851 | D:2      | Killed Terence
  1949 | D:2      | Learned a level 1 spell: Magic Dart
  2439 | D:3      | Found an iron altar of Okawaru.
  3024 | D:3      | Found a glowing drain.
  3028 | Sewer    | Entered a sewer
  3039 | Sewer    | Reached XP level 6. HP: 31/32 MP: 5/11
  3262 | Sewer    | Reached skill level 4 in Conjurations
  4578 | D:4      | Noticed Menkaure
  4578 | D:4      | Found a sacrificial altar of Ru.
  4578 | D:4      | Found a blossoming altar of Fedhas.
  4591 | D:4      | Found an ancient bone altar of Kikubaaqudgha.
  4607 | D:4      | Reached XP level 7. HP: 36/36 MP: 8/13
  4691 | D:4      | Learned a level 4 spell: Flame Wave
  4700 | D:4      | Killed Menkaure
  4701 | D:4      | Reached skill level 5 in Conjurations
  4701 | D:4      | Found a glowing golden altar of the Shining One.
  4869 | D:4      | Reached skill level 5 in Fire Magic
  4887 | D:4      | Found an ornate altar of the Wu Jian Council.
  5158 | D:4      | Learned a level 3 spell: Mephitic Cloud
  5203 | D:4      | Found a large runed translucent door.
  5203 | D:4      | Found a large runed translucent door.
  5204 | D:4      | Found a shimmering altar of Xom.
  5636 | D:5      | Entered Level 5 of the Dungeon
  5680 | D:4      | Reached skill level 6 in Conjurations
  5805 | D:5      | Reached XP level 8. HP: 32/41 MP: 6/15
  5874 | D:4      | Reached skill level 5 in Spellcasting
  6049 | D:5      | Reached skill level 7 in Conjurations
  6059 | D:5      | HP: 2/41 [howler monkey (4)]
  6434 | D:5      | Reached skill level 8 in Conjurations
  7098 | D:6      | Found a stormy altar of Qazlal.
  7287 | D:6      | Reached skill level 9 in Conjurations
  7287 | D:6      | Reached XP level 9. HP: 45/45 MP: 13/18
  7336 | D:6      | HP: 2/45 [orc priest/divine providence (14)]
  7338 | D:6      | Killed from afar by an orc priest

Illustrated notes

Levels and vault maps discovered:
D:1:      dpeg_arrival_pond, layout_basic, serial_shops, shop, shop,
          shop_statue, shop, nicolae_shop_bloodbath_and_beyond
D:2:      layout_basic, hellmonk_ecumenical_altar_blasted, uniq_natasha,
          uniq_terence
D:3:      minmay_bubble_buster, layout_loops_ring,
          mainiacjoe_overflow_tiny_flanked, gup_sewer_entry_spiral,
          serial_forest, infiniplex_forest_corner_2, infiniplex_forest_split,
          infiniplex_forest_corner_1, infiniplex_forest_side_room
D:4:      due_chaos_kobolds, layout_basic, pdpol_wu_jian_five_deadly_venoms,
          gammafunk_temple_overflow_pools, grunt_temple_overflow_open,
          minmay_misc_feat_encased, st_stairs_1, minmay_rat_hole, uniq_menkaure
D:5:      layout_loops_ring, nicolae_ossuary_entry_false_entrances
D:6:      wad_river_or_something, layout_layer_cave, nicolae_gozag_seed_capital,
          mainiacjoe_overflow_concentric_impassable, nicolae_custom_books,
          minmay_ruined_shrine

Skill      XL: |  1  2  3  4  5  6  7  8 |
---------------+-------------------------+-----
Conjurations   | 2 3 4 6 9 |  9.0
Fire Magic     | 4 5 |  5.0
Spellcasting   | 3 4 6 |  6.2
Dodging        | |  1.5
Stealth        | |  2.1

Action                     |  1- 3 |  4- 6 |  7- 9 || total
---------------------------+-------+-------+-------++-------
  Melee: Unarmed           |     6 |     2 |       ||     8
         Rapier            |       |    52 |   144 ||   196
         Staff             |       |     1 |       ||     1
         Punch             |       |     4 |     3 ||     7
   Cast: Foxfire           |    37 |    78 |    73 ||   188
         Magic Dart        |       |    68 |    69 ||   137
         Searing Ray       |       |     1 |       ||     1
         Flame Wave        |       |       |     1 ||     1
    Use: Potion            |       |     2 |     2 ||     4
         Scroll            |       |     7 |       ||     7
   Stab: Sleeping          |       |     3 |     1 ||     4
 Armour: Robe              |    16 |    93 |    99 ||   208
  Dodge: Dodged            |    15 |    81 |    89 ||   185

Table legend: (Time is in decaauts)
 A = Elapsed time spent in this place.
 B = Non-inter-level travel time spent in this place.
 C = Inter-level travel time spent in this place.
 D = Time resting spent in this place.
 E = Time spent auto-exploring this place.
 F = Levels seen in this place.
 G = Mean time per level.
                   A        B        C        D        E       F      G
               +--------+--------+--------+--------+--------+-----+--------+
         Total |   7472 |   7322 |    150 |    772 |   4920 |   7 | 1067.4 |
       Dungeon |   6821 |   6671 |    150 |    721 |   4443 |   6 | 1136.8 |
         Sewer |    651 |    651 |      0 |     51 |    477 |   1 |  651.0 |
               +--------+--------+--------+--------+--------+-----+--------+

Top non-repeatable levels by time:
     D:3: 1575 daAuts
     D:4: 1563 daAuts
     D:2: 1268 daAuts
     D:1: 1057 daAuts
     D:5: 1006 daAuts
   Sewer: 651 daAuts
     D:6: 350 daAuts
